 Dungeon Crawl Stone Soup version 0.25-a0-697-g890751e744 (webtiles) character file.

Game seed: 1385651172676722599, levelgen mode: deterministic

12626 Esekla the Fighter (level 12, -7/96 HPs)
             Began as a Formicid Abyssal Knight on Mar 31, 2020.
             Was a High Priest of Lugonu.
             Killed from afar by Frances (28 damage)
             ... with a shard of ice
             ... on level 12 of the Dungeon.
             The game lasted 02:04:13 (12185 turns).

Esekla the Fighter (Formicid Abyssal Knight)       Turns: 12185, Time: 02:04:13

Health: -7/96      AC: 17    Str: 18    XL:     12   Next: 22%
Magic:  16/16      EV: 13    Int: 12    God:    Lugonu [*****.]
Gold:   1199       SH: 10    Dex: 13    Spells: 12/16 levels left

rFire    . . .     SeeInvis +   P - +9 spear "Kockuz" {holy, +Blink +Inv rC+ MR+}
rCold    + . .     Gourm    .   o - +0 buckler
rNeg     + . .     Faith    .   C - +2 ring mail {rPois}
rPois    +         Spirit   .   (helmet unavailable)
rElec    .         Reflect  +   x - +2 ratskin cloak {+Rats rPois rN+ Str-1 Int-1 Dex+1}
rCorr    .         Harm     .   u - +1 pair of gloves
MR       ++...                  O - +2 pair of boots {run}
Stlth    ++........             i - +4 amulet of reflection
HPRegen  0.26/turn              R - +4 ring of slaying
MPRegen  0.15/turn              j - ring of stealth

@: lightly drained, quick
A: permanent stasis, dig shafts and tunnels, four strong arms, antennae 3
a: Dig, Shaft Self, Depart the Abyss, Bend Space, Banish, Corrupt, Enter the
Abyss, Renounce Religion, Evoke Ratskin, Evoke Invisibility


You were on level 12 of the Dungeon.
You worshipped Lugonu.
Lugonu was extremely pleased with you.
You were not hungry.

You visited 1 branch of the dungeon, and saw 14 of its levels.
You visited the Abyss 1 time.
You also visited: Bailey.

You collected 1199 gold pieces.

Inventory:

Hand Weapons
 a - a +4 war axe
 e - a +2 dagger of electrocution
 f - a +2 war axe of flaming
 h - a +1 falchion of holy wrath
 p - a +4 falchion
 v - a +2 halberd of venom
 P - the +9 spear "Kockuz" (weapon) {holy, +Blink +Inv rC+ MR+}
   (You found it on level 13 of the Dungeon)

   It has been blessed by the Shining One to cause great damage to the undead
   and demons.
   It protects you from cold.
   It affects your resistance to hostile enchantments.
   It lets you turn invisible.
   It lets you blink.
 U - a +6 spear of freezing
Missiles
 k - 26 poisoned darts
 w - 6 javelins
 I - 32 boomerangs (quivered)
Armour
 o - a +0 buckler (worn)
 u - a +1 pair of gloves (worn)
 x - the +2 ratskin cloak (worn) {+Rats rPois rN+ Str-1 Int-1 Dex+1}
   (You found it on level 5 of the Dungeon)

   It affects your strength (-1).
   It affects your intelligence (-1).
   It affects your dexterity (+1).
   It protects you from poison.
   It protects you from negative energy.
 C - a +2 ring mail of poison resistance (worn)
 J - +0 swamp dragon scales
 O - a +2 pair of boots of running (worn)
Jewellery
 i - a +4 amulet of reflection (around neck)
 j - a ring of stealth (right hand)
 r - a +5 ring of dexterity
 A - an uncursed ring of flight
 F - a +3 ring of intelligence
 H - an uncursed amulet of magic regeneration
 K - an uncursed ring of protection from cold
 R - a +4 ring of slaying (left hand)
 T - an uncursed amulet of the gourmand
Wands
 y - a wand of acid (7)
 B - a wand of iceblast (13)
 N - a wand of flame (39)
Scrolls
 g - 2 scrolls of fear
 n - 2 scrolls of enchant armour
 q - a scroll of immolation
 z - a scroll of random uselessness {unknown}
 E - 3 scrolls of remove curse
 G - a scroll of summoning {unknown}
 L - a scroll of vulnerability {unknown}
 M - a scroll of fog {unknown}
 S - a scroll of brand weapon {unknown}
 V - a scroll of identify
Potions
 b - 3 potions of brilliance
 d - a potion of lignification
 l - 2 potions of flight
 m - 2 potions of curing
 s - 3 potions of stabbing
Comestibles
 c - 15 rations
 Q - 5 chunks of flesh


   Skills:
 + Level 9.6(9.5) Fighting
 + Level 0.1(5.2) Short Blades
 + Level 8.6(8.5) Long Blades
 + Level 5.4(6.2) Axes
 * Level 5.0(6.0) Polearms
 - Level 2.0 Throwing
 + Level 7.1(7.0) Armour
 + Level 5.0 Dodging
 + Level 1.2 Stealth
 + Level 7.7(7.6) Shields
 * Level 2.6 Spellcasting
 + Level 2.6(2.5) Translocations
 * Level 0.3(0.2) Ice Magic
 + Level 6.1 Invocations
 + Level 0.1 Evocations


You had 12 spell levels left.
You knew the following spells:

 Your Spells              Type           Power        Failure   Level  Hunger
a - Apportation           Tloc           #.....       14%         1    #......
b - Ozocubu's Armour      Chrm/Ice       #.......     75%         3    ###....

Your spell library contained the following spells:

 Spells                   Type           Power        Failure   Level  Hunger
 Freeze                   Ice            #...         36%         1    #......
 Animate Skeleton         Necr           N/A          38%         1    #......
 Beastly Appendage        Tmut           #.....       38%         1    #......
 Corona                   Hex            #......      38%         1    #......
 Summon Small Mammal      Summ           #...         38%         1    #......
 Corpse Rot               Necr/Air       N/A          54%         2    ###....
 Sticks to Snakes         Tmut           #.......     54%         2    ###....
 Sublimation of Blood     Necr           #.........   54%         2    ###....
 Spider Form              Tmut/Pois      #.........   77%         3    ###....
 Hailstorm                Conj/Ice       #.......     98%         4    #####..
 Ice Form                 Ice/Tmut       #.......     98%         4    #####..
 Dispel Undead            Necr           #.......     99%         4    #####..
 Agony                    Necr           #.......     100%        5    ######.
 Blade Hands              Tmut           #.........   100%        5    ######.
 Excruciating Wounds      Chrm/Necr      #.........   100%        5    ######.
 Freezing Cloud           Conj/Ice/Air   #.........   100%        6    #######


Dungeon Overview and Level Annotations

Branches:
Dungeon (14/15)            Temple (0/1) D:7            Lair (0/6) D:10
    Orc (0/2) D:11         Bailey (visited)
 Vaults: D:13-14

Altars:
Cheibriados
Fedhas
Hepliaklqana
Makhleb
Nemelex Xobeh
Qazlal
Sif Muna
Trog
Uskayaw
Vehumet
Wu Jian
Xom

Shops:
D:6 [   D:11 [

Annotations:
D:12 Frances
D:13 2 transporters


Innate Abilities, Weirdness & Mutations

You cannot be hasted, slowed, berserked, paralysed or teleported.
You can dig through walls and to a lower floor.
Your four strong arms can wield two-handed weapons with a shield.
You have a pair of large antennae on your head. (SInv)


Message History

A hippogriff comes into view.
The centaur shoots an arrow.
The arrow hits you but does no damage.
You see here an arrow.
Are you sure you want to shaft yourself?
You feel quite a bit more hungry.
The centaur shoots an arrow.
You reflect the arrow off an invisible shield around you!
The arrow hits the centaur!
The warg closely misses you.
The centaur shoots an arrow.
The arrow completely misses you.
You begin to dig a shaft.
You continue digging a shaft.
The warg misses you.
The centaur shoots an arrow.
You reflect the arrow off an invisible shield around you!
The arrow barely misses the centaur.
The warg bites you.
* * * LOW HITPOINT WARNING * * *
A shaft appears beneath you!
You fall into a shaft and drop 1 floor!
The shaft crumbles and collapses.
Frances, Duchess of Pandemonium comes into view.
She is wielding a -1 flail.
Frances chants phrases taken from a devil's mouth.
The shard of ice hits you!! You partially resist.
You die...

#........#**,**,,*
#........# *,*#..#
.......### *,*#..#
.......# *,*#.>#
.......# *,*#..#
.......# *,*#..#
.......####*,*#.@#
.......)).#*,*#..#
.####.))((#*,*#.@#
.#....()..#*,*#..#
,#.#.#.####*,*#..#
,#,#.#.# *,*#..#
,*,#.#.#****,*#..#
,*,#.#.#,,,,,*#..#
,*,#.#.#,*****#..#
,*,*,#.#,,,,,,...#
,*,*,*,********,**


You could see Frances.

Vanquished Creatures
  Pikel (D:4)
  An orb spider (shapeshifter) (D:13)
  A cyclops (D:13)
  An ugly thing (D:13)
  Psyche (D:10)
  The ghost of Esekla the Skirmisher, a novice FoAK of Lugonu (D:4)
  Maggie (D:8)
  A kobold demonologist (D:13)
  A tengu conjurer (D:13)
  2 trolls
  A hornet (D:13)
  A hippogriff (D:7)
  2 wyverns
  A wraith (D:13)
  11 yaks
  A hungry ghost (D:10)
  2 slaves (D:4)
  A black bear (D:9)
  7 orc warriors
  6 ice beasts
  4 phantoms
  3 ogres
  11 centaurs
  2 crocodiles
  5 big kobolds
  5 bullfrogs
  5 scorpions
  11 wights
  A crimson imp (D:5)
  2 howler monkeys (D:7)
  A jelly (D:5)
  2 bullfrog zombies
  3 centaur skeletons
  7 orc priests
  A bullfrog skeleton (D:8)
  2 hounds
  3 iguanas
  10 orc wizards
  A hell rat (D:5)
  11 worker ants
  A killer bee zombie (D:6)
  2 hound zombies (D:7)
  2 hound skeletons
  16 gnolls
  11 adders
  6 river rats (D:5)
  3 shadow imps
  2 adder zombies
  3 oozes
  2 adder skeletons
  4 worms
  A dart slug (D:1)
  5 leopard geckos
  29 orcs
  4 bats
  4 giant cockroaches
  9 goblins
  5 hobgoblins
  3 jackals (D:2)
  8 quokkas
  4 ball pythons
  A frilled lizard (D:2)
  A giant cockroach zombie (D:6)
  A jackal skeleton (D:5)
  27 kobolds
  A leopard gecko zombie (D:6)
  20 rats
309 creatures vanquished.

Vanquished Creatures (others)
  A shadow (D:13)
  2 slaves
  A sky beast (D:5)
  An orc (D:4)
  A bat (D:3)
  6 kobolds (Bailey)
  9 plants
21 creatures vanquished.

Grand Total: 330 creatures vanquished

Notes
Turn   | Place    | Note
-------+----------+-------------------------------------------
     0 | Abyss:1  | Esekla the Formicid Abyssal Knight began the quest for the
                  | Orb.
     0 | Abyss:1  | Reached XP level 1. HP: 18/18 MP: 2/2
    49 | Abyss:1  | Identified a +2 pair of boots of running (You found it on
                  | level 1 of the Abyss)
   210 | Abyss:2  | Noticed a neqoxec
   212 | Abyss:2  | Noticed a large abomination
   227 | D:1      | Escaped the Abyss
   321 | D:1      | Reached XP level 2. HP: 25/25 MP: 3/3
   436 | D:2      | Reached * piety under Lugonu
   507 | D:2      | Reached skill level 4 in Fighting
   507 | D:2      | Reached XP level 3. HP: 12/30 MP: 4/4
   893 | D:2      | Found a snail-covered altar of Cheibriados,
   930 | D:2      | Reached XP level 4. HP: 34/37 MP: 5/5
   945 | D:2      | Reached skill level 1 in Dodging
  1767 | D:2      | Found a faded altar of an unknown god,
  1796 | D:2      | Reached XP level 5. HP: 36/42 MP: 7/7
  1828 | D:2      | Reached skill level 1 in Throwing
  2012 | D:3      | Noticed a phantom
  2246 | D:3      | Killed a phantom
  2246 | D:3      | Reached XP level 6. HP: 22/49 MP: 8/8
  2472 | D:3      | Found an ornate altar of the Wu Jian Council,
  2688 | D:3      | Found a radiant altar of Vehumet,
  2902 | D:3      | Reached ** piety under Lugonu
  3293 | D:4      | Reached skill level 1 in Shields
  3505 | D:4      | Reached XP level 7. HP: 50/55 MP: 9/9
  3600 | D:4      | Found a transporter,
  3652 | D:4      | Found a transporter,
  3654 | D:4      | Identified the cursed +1 spear of Peace {pain, *Drain Str+2
                  | Dex+4}
  3828 | D:5      | Entered Level 5 of the Dungeon
  3945 | D:5      | Reached skill level 5 in Fighting
  3954 | D:5      | Noticed Pikel
  4141 | D:4      | Killed Pikel
  4141 | D:4      | Reached skill level 5 in Armour
  4141 | D:4      | Reached XP level 8. HP: 41/63 MP: 9/11
  4625 | D:5      | Found the +2 ratskin cloak {+Rats rPois rN+ Str-1 Int-1
                  | Dex+1}
  4772 | D:5      | Found a hazy altar of Hepliaklqana,
  4900 | D:5      | Reached *** piety under Lugonu
  5073 | D:5      | Found a sparkling altar of Nemelex Xobeh,
  5120 | D:4      | Reached skill level 5 in Long Blades
  5152 | D:4      | Reached skill level 5 in Invocations
  5243 | D:4      | Found a burning altar of Makhleb,
  5509 | D:4      | Reached XP level 9. HP: 50/69 MP: 13/13
  5601 | D:4      | Found a bloodstained altar of Trog,
  5831 | D:6      | Found Soewkules's Armour Boutique,
  5889 | D:5      | Reached skill level 6 in Fighting
  6882 | D:6      | Found a shimmering altar of Xom,
  6883 | D:6      | Found a shimmering altar of Xom,
  6888 | D:6      | Found a shimmering altar of Xom,
  7030 | D:7      | Reached **** piety under Lugonu
  7086 | D:7      | Found a blossoming altar of Fedhas,
  7104 | D:7      | Reached skill level 5 in Shields
  7240 | D:7      | Found a shimmering blue altar of Sif Muna,
  7295 | D:7      | Found a stormy altar of Qazlal,
  7401 | D:7      | Noticed a hippogriff
  7415 | D:7      | Killed a hippogriff
  7415 | D:7      | Reached skill level 7 in Fighting
  7416 | D:7      | Found a staircase to the Ecumenical Temple,
  7499 | D:7      | Reached XP level 10. HP: 68/79 MP: 14/14
  7810 | D:4      | Noticed Esekla's ghost (novice FoAK)
  8021 | D:4      | Killed Esekla's ghost
  9024 | D:8      | Noticed Maggie
  9047 | D:8      | Killed Maggie
  9624 | D:8      | Reached skill level 1 in Axes
  9878 | D:9      | Reached ***** piety under Lugonu
  9878 | D:9      | Reached skill level 8 in Fighting
  9880 | D:9      | Reached skill level 1 in Polearms
 10050 | D:9      | Found a hide-covered altar of Uskayaw,
 10165 | D:9      | Reached XP level 11. HP: 83/86 MP: 15/15
 10537 | D:10     | Entered Level 10 of the Dungeon
 10709 | D:10     | Reached skill level 9 in Fighting
 10816 | D:10     | Learned a level 1 spell: Apportation
 10847 | D:10     | Noticed Psyche
 10856 | D:10     | Killed Psyche
 10856 | D:10     | Reached skill level 1 in Stealth
 10954 | D:10     | Found a staircase to the Lair,
 11011 | D:10     | Found a snail-covered altar of Cheibriados,
 11435 | D:11     | You fall into a shaft and drop 3 floors!
 11452 | D:14     | Reached skill level 1 in Translocations
 11484 | D:13     | Noticed a green ugly thing
 11496 | D:13     | Killed a green ugly thing
 11496 | D:13     | Reached skill level 1 in Spellcasting
 11564 | D:13     | Found a transporter,
 11573 | D:13     | Found a transporter,
 11581 | D:13     | Noticed an orb spider
 11596 | D:13     | Noticed a glowing orange brain
 11598 | D:13     | Noticed a cyclops
 11617 | D:13     | Killed a cyclops
 11627 | D:13     | Killed an orb spider
 11627 | D:13     | Reached skill level 5 in Axes
 11627 | D:13     | Reached XP level 12. HP: 31/96 MP: 16/16
 11653 | D:13     | Found a flagged portal,
 11765 | Bailey   | Entered a bailey
 11916 | Bailey   | Identified the Papyrus of Dark Ice
 11998 | D:13     | Noticed a centaur warrior
 12019 | D:13     | Got a pitted spear
 12022 | D:13     | Reached skill level 5 in Dodging
 12023 | D:13     | Identified the +9 spear "Kockuz" {holy, +Blink +Inv rC+
                  | MR+} (You found it on level 13 of the Dungeon)
 12066 | D:12     | Reached skill level 5 in Polearms
 12078 | D:12     | Learned a level 3 spell: Ozocubu's Armour
 12110 | D:11     | Found Kaawinol's Armour Shoppe,
 12185 | D:11     | You fall into a shaft and drop 1 floor!
 12185 | D:12     | Noticed Frances
 12185 | D:12     | Killed from afar by Frances

Levels and vault maps discovered:
D:1:      dpeg_arrival_shrine, layout_loops_ring
D:2:      layout_basic, cheibriados_altar_1, chequers_ecumenical_altar_simple,
          minmay_split_cup_small
D:3:      layout_basic, fiery_altar_vehumet, overflow_temple_1_default
D:4:      layout_loops_ring, makhleb_heckhound_becter, lightli_temple_of_fire,
          first_ration, gammafunk_ghost_gnarly_gnolls
D:5:      wander_guarded_unrand_ratskin, layout_basic,
          nicolae_overflow_hidden_temple, lemuel_round_altar, uniq_pikel
D:6:      minmay_spotlight, layout_rooms, xom_redecorated, serial_shops,
          nicolae_shop_waterfront
D:7:      layout_cave_pools, lemuel_coloured_pillars_altar,
          nicolae_overflow_crystal_walls, old_standard_altar, temple_doors_e
D:8:      layout_gridville, uniq_maggie
D:9:      layout_rooms, lemuel_doored_altar
D:10:     layout_loops_ring, lair_entry_dummy, basic_altar, uniq_psyche
D:11:     layout_basic, erik_orc_4, gauntlet_entry_generic, serial_shops,
          kennysheep_mini, hangedman_little_slice_of_home, serial_bayou_crossing
D:12:     layout_basic, uniq_frances
D:13:     layout_roguey, gammafunk_ghost_abyssal_escape, enter_bailey_8
D:14:     layout_basic, grunt_vaults_entry_tiered, minmay_misc_feat_diagonals,
          drop_trap, hangedman_decor_growths,
          minmay_guarded_unrand_wrath_of_trog

Skill      XL: |  1  2  3  4  5  6  7  8  9 10 11 12 |
---------------+-------------------------------------+-----
Fighting       | 4 5 7 8 9 |  9.6
Armour         | 3 4 5 6 7 |  7.1
Dodging        | 1 2 3 4 5 |  5.0
Throwing       | 1 2 |  2.0
Long Blades    | 3 4 5 6 7 8 |  8.6
Invocations    | 3 4 5 6 |  6.1
Shields        | 1 2 3 5 6 7 |  7.7
Axes           | 2 5 |  5.4
Polearms       | 4 5 |  5.0
Stealth        | 1 |  1.2
Translocations | 1 2 |  2.6
Spellcasting   | 1 2 |  2.6
Short Blades   | |  0.1
Ice Magic      | |  0.3
Evocations     | |  0.1

Action                   |  1- 3 |  4- 6 |  7- 9 | 10-12 || total
-------------------------+-------+-------+-------+-------++-------
Melee: Falchion          |    73 |   184 |   537 |   225 ||  1019
       Dagger            |       |       |    12 |    13 ||    25
       Halberd           |       |       |       |    97 ||    97
       War axe           |       |       |       |   108 ||   108
       Scimitar          |       |       |       |    79 ||    79
       Spear             |       |       |       |    11 ||    11
Throw: Dart              |     6 |    23 |    27 |    40 ||    96
       Javelin           |       |       |     5 |       ||     5
       Boomerang         |       |       |       |    16 ||    16
Invok: Depart the Abyss  |     1 |       |       |       ||     1
       Bend Space        |       |     1 |     3 |     6 ||    10
 Abil: Shaft Self        |       |       |       |     2 ||     2
Evoke: Wand              |       |       |       |     5 ||     5
  Use: Scroll            |       |     8 |     2 |    16 ||    26
       Potion            |       |       |       |    10 ||    10
  Eat: Chunk             |       |     8 |    10 |    11 ||    29
       Ration            |       |       |     1 |     2 ||     3
Armor: Ring mail         |    45 |    62 |   193 |   158 ||   458
       Skin              |       |       |       |    26 ||    26
Dodge: Dodged            |    44 |    68 |   224 |   289 ||   625
Block: Buckler           |       |    25 |   177 |   300 ||   502
       Reflection        |       |       |     6 |    48 ||    54
       Rpst.: Falchion   |    15 |    25 |    75 |    26 ||   141
       Scimitar          |       |       |       |    13 ||    13

Table legend:
 A = Non-vault XP
 B = Vault XP
 C = Vault XP percentage of total XP
 D = Non-vault monster count
 E = Vault monster count
 F = Vault count percentage of total count
                 A         B        C        D         E       F
            +---------+---------+-------+---------+---------+-------
      Total |   15058 |    2980 |  16.5 |     243 |      71 |  22.6
            +---------+---------+-------+---------+---------+-------
        D:1 |      49 |       0 |   0.0 |      12 |       0 |   0.0
        D:2 |     109 |      16 |  12.8 |      21 |       3 |  12.5
        D:3 |     172 |       0 |   0.0 |      14 |       0 |   0.0
        D:4 |     505 |    1225 |  70.8 |      23 |      10 |  30.3
        D:5 |     495 |     128 |  20.5 |      20 |      21 |  51.2
        D:6 |     704 |     172 |  19.6 |      13 |       3 |  18.8
        D:7 |     941 |       0 |   0.0 |      23 |       0 |   0.0
        D:8 |     985 |     395 |  28.6 |      24 |       1 |   4.0
        D:9 |    3104 |       0 |   0.0 |      37 |       0 |   0.0
       D:10 |    2301 |     448 |  16.3 |      22 |       1 |   4.3
       D:11 |     338 |       0 |   0.0 |       9 |       0 |   0.0
       D:12 |     600 |       0 |   0.0 |       6 |       0 |   0.0
       D:13 |    3988 |       0 |   0.0 |      17 |       0 |   0.0
       D:14 |     767 |       0 |   0.0 |       2 |       0 |   0.0
     Bailey |       0 |     596 | 100.0 |       0 |      32 | 100.0
            +---------+---------+-------+---------+---------+-------
